[Event "December 19 Early 2023"]
[Site "https://www.chess.com"]
[Date "2023.12.19"]
[Round "5"]
[White "Nanu, Costica-Ciprian"]
[Black "Vakhlamov, Igor L."]
[Result "0-1"]
[Board "68"]
[TimeControl "180+1"]
[WhiteFideId "1204580"]
[BlackFideId "24126748"]
[WhiteElo "2485"]
[BlackElo "2407"]
[WhiteTeam "ROU"]
[BlackTeam "RUS"]
[WhiteClock "0:00:07"]
[BlackClock "0:00:04"]

1. c4 e6 2. Nc3 d5 3. d4 c5 4. cxd5 cxd4 5. Qxd4 Nc6 6. Qa4 exd5 7. Nf3 d4 8. Ne4 Bf5 9. Ng3 Bg6 10. Bd2 Nf6 11. Ne5 Qd5 12. Nxc6 bxc6 13. Rc1 Rc8 14. e3 dxe3 15. Bxe3 Be7 16. Ba6 Rc7 17. O-O O-O 18. Rfd1 Qe6 19. Bf4 Rd7 20. Rxd7 Qxd7 21. Qxc6 Qd4 22. Be3 Qxb2 23. a4 h5 24. Qb5 Qa3 25. Ne2 Rd8 26. Nf4 Ng4 27. Nxg6 fxg6 28. Qc4+ Kh7 29. Bf4 Bc5 30. Qxc5 Qxa4 31. Be2 Qxf4 32. Bxg4 Qxg4 33. h3 Rd1+ 34. Rxd1 Qxd1+ 35. Kh2 Qd7 36. f4 a6 37. Kg3 Qb5 38. Qd6 a5 39. Kh2 Qf5 40. Kg3 a4 41. Qa3 Qb5 42. Kh4 Qc6 43. g4 Qf6+ 44. Kg3 hxg4 45. hxg4 Qd4 46. Qf3 Qb4 47. Qh1+ Kg8 48. Qd5+ Kh8 49. Qh1+ Kg8 50. Qa8+ Kf7 51. Qd5+ Ke7 52. Qe5+ Kd8 53. Qxg7 a3 54. Qh8+ Kd7 55. Qg7+ Qe7 56. Qxg6 a2 57. Qd3+ Qd6 58. Qb5+ Qc6 59. Qf5+ Qe6 60. Qd3+ Ke7 61. Qa3+ Kf7 62. Qa7+ Kg8 63. Kh4 Qf6+ 64. g5 Qh8+ 65. Kg4 a1=Q 66. Qb8+ Kh7 67. Qc7+ Qhg7 68. g6+ Kxg6 69. Qd6+ Kh7+ 70. Kf3 Qaf6 71. Qd3+ Qfg6 72. Qd5 Qg2+ 73. Ke3 0-1

[Event "December 19 Early 2023"]
[Site "https://www.chess.com"]
[Date "2023.12.19"]
[Round "5"]
[White "Rustemov, Alexander"]
[Black "Silva Lucena, Cristian"]
[Result "1-0"]
[Board "69"]
[TimeControl "180+1"]
[WhiteFideId "4119002"]
[BlackFideId "2232588"]
[WhiteElo "2785"]
[BlackElo "2248"]
[WhiteTeam "RUS"]
[BlackTeam "ESP"]
[WhiteClock "0:00:50"]
[BlackClock "0:00:04"]

1. d4 d5 2. c4 e6 3. Nc3 a6 4. cxd5 exd5 5. Nf3 c6 6. Qc2 Bd6 7. Bg5 f6 8. Bh4 Ne7 9. e3 Bf5 10. Qb3 b5 11. Bg3 Bxg3 12. hxg3 Nd7 13. Be2 Nb6 14. Qd1 O-O 15. O-O Re8 16. b3 a5 17. a4 b4 18. Na2 Nbc8 19. Rc1 Nd6 20. Ne1 Ne4 21. Nd3 Ra7 22. Nc5 Qd6 23. Bd3 Nc8 24. Qc2 Nxc5 25. Bxf5 Ne4 26. Qxc6 Qxc6 27. Rxc6 Ne7 28. Bxe4 dxe4 29. Rc5 g6 30. Nc1 Rd8 31. Ne2 Nd5 32. Rfc1 Kf7 33. Rb5 Nc7 34. Rbc5 Nd5 35. Kf1 Rdd7 36. Ke1 g5 37. Kd2 Kg6 38. Rb5 Nc7 39. Rb8 Nd5 40. g4 h6 41. Rc5 Kf7 42. Rbb5 Ke6 43. Rxa5 Rxa5 44. Rxa5 Rc7 45. Rc5 Rb7 46. Ng3 Nc3 47. f3 exf3 48. gxf3 Kf7 49. Kd3 Nd1 50. Ne4 h5 51. gxh5 Rb8 52. Rc1 1-0

[Event "December 19 Early 2023"]
[Site "https://www.chess.com"]
[Date "2023.12.19"]
[Round "5"]
[White "Ozates, Tuna"]
[Black "Yuan, Qingyu"]
[Result "1-0"]
[Board "70"]
[TimeControl "180+1"]
[WhiteFideId "6354521"]
[BlackFideId "8609772"]
[WhiteElo "2151"]
[BlackElo "2359"]
[WhiteTeam "TUR"]
[BlackTeam "CHN"]
[WhiteClock "0:00:48"]
[BlackClock "0:00:06"]

1. c4 c5 2. Nc3 Nf6 3. g3 d5 4. cxd5 Nxd5 5. Bg2 Nxc3 6. bxc3 Nc6 7. Nf3 e5 8. d3 Be7 9. O-O O-O 10. Rb1 Qc7 11. Qa4 Rb8 12. Ba3 b6 13. Nd2 Bd7 14. Qc2 Be6 15. f4 exf4 16. gxf4 f5 17. e4 Kh8 18. e5 Rbd8 19. Nf3 c4 20. Bxe7 Nxe7 21. d4 Bd5 22. Ng5 h6 23. Bxd5 hxg5 24. Bg2 gxf4 25. Rxf4 g6 26. Rbf1 Kg7 27. h4 Rh8 28. Qf2 Qd7 29. Qg3 Rh6 30. d5 Nxd5 31. Bxd5 Qxd5 32. Rxf5 Qc5+ 33. R1f2 Rd1+ 34. Kh2 Qd5 35. Rf7+ Kg8 36. Rf8+ Kg7 37. R2f7+ Qxf7 38. Rxf7+ Kxf7 39. Qf3+ Ke6 40. Qxd1 Rxh4+ 41. Kg3 Rd4 42. Qxd4 1-0

[Event "December 19 Early 2023"]
[Site "https://www.chess.com"]
[Date "2023.12.19"]
[Round "5"]
[White "Ghevondyan, Arman"]
[Black "Krzyzanowski, Marcin"]
[Result "0-1"]
[Board "71"]
[TimeControl "180+1"]
[WhiteFideId "13312073"]
[BlackFideId "1132199"]
[WhiteElo "2176"]
[BlackElo "2471"]
[WhiteTeam "ARM"]
[BlackTeam "POL"]
[WhiteClock "0:00:10"]
[BlackClock "0:00:15"]

1. Nf3 Nf6 2. g3 b5 3. Bg2 Bb7 4. O-O e6 5. d4 d5 6. Ne5 Nbd7 7. Na3 b4 8. Nac4 Nxe5 9. Nxe5 Nd7 10. c4 Nxe5 11. dxe5 c6 12. Qc2 Be7 13. Rd1 Qa5 14. Bf4 O-O 15. e4 Rfd8 16. exd5 cxd5 17. cxd5 Bxd5 18. Bxd5 Rxd5 19. Rxd5 Qxd5 20. Rd1 Qxa2 21. Rd7 Bf8 22. Be3 a5 23. Qe4 Rc8 24. Qb7 Qc4 25. Rxf7 a4 26. Rd7 a3 27. bxa3 bxa3 28. Qf3 a2 29. Qf7+ Kh8 30. Bd4 Qxd4 31. Qxe6 a1=Q+ 32. Kg2 Qe4+ 33. Kh3 Qf1# 0-1

[Event "December 19 Early 2023"]
[Site "https://www.chess.com"]
[Date "2023.12.19"]
[Round "5"]
[White "Kleinman, Michael"]
[Black "Yaran, Siar"]
[Result "1/2-1/2"]
[Board "72"]
[TimeControl "180+1"]
[WhiteFideId "2609479"]
[BlackFideId "6323006"]
[WhiteElo "2287"]
[BlackElo "2191"]
[WhiteTeam "CAN"]
[BlackTeam "TUR"]
[WhiteClock "0:00:04"]
[BlackClock "0:00:04"]

1. Nf3 Nf6 2. d4 e6 3. Bf4 d5 4. e3 Bd6 5. Bg3 O-O 6. Bd3 c5 7. c3 Qc7 8. Nbd2 Nbd7 9. e4 e5 10. O-O Re8 11. Re1 exd4 12. cxd4 Bxg3 13. hxg3 dxe4 14. Nxe4 Nxe4 15. Bxe4 Nf6 16. Qc2 Rxe4 17. Rxe4 Bf5 18. Re7 Qxe7 19. Qxf5 cxd4 20. Rd1 Rd8 21. Rxd4 Rxd4 22. Nxd4 g6 23. Qc8+ Kg7 24. Qc3 Qe5 25. Nb5 Qxc3 26. Nxc3 Kf8 27. f3 Ke7 28. Kf2 Kd6 29. g4 Kc5 30. g5 Nd5 31. Ne4+ Kd4 32. Nd6 b6 33. Nxf7 Nb4 34. f4 Nd3+ 35. Kf3 Nxb2 36. g4 Nc4 37. f5 gxf5 38. gxf5 Kd5 39. Kf4 b5 40. g6 hxg6 41. fxg6 Ke6 42. Kg5 Ke7 43. Kh6 Ne3 44. Kh7 Nf5 45. Nh6 Nd6 46. g7 Ne8 47. Nf5+ Kd7 48. Nd4 b4 49. g8=Q Nf6+ 50. Kg7 Nxg8 51. Kxg8 a6 52. Kf7 Kd6 53. Kf6 Kd5 54. Nc2 a5 55. Kf5 Kc4 56. Ke4 Kc3 57. Ne3 Kb2 58. Nc4+ Kxa2 59. Nxa5 b3 60. Nxb3 1/2-1/2

[Event "December 19 Early 2023"]
[Site "https://www.chess.com"]
[Date "2023.12.19"]
[Round "5"]
[White "Hua, Lefong"]
[Black "Teterev, Vitaly"]
[Result "0-1"]
[Board "73"]
[TimeControl "180+1"]
[WhiteFideId "2602253"]
[BlackFideId "13501429"]
[WhiteElo "2700"]
[BlackElo "2299"]
[WhiteTeam "CAN"]
[BlackTeam "BLR"]
[WhiteClock "0:00:14"]
[BlackClock "0:00:26"]

1. d4 Nf6 2. c4 g6 3. Nc3 Bg7 4. e4 O-O 5. f4 d6 6. Nf3 c5 7. d5 e6 8. Be2 exd5 9. cxd5 Bg4 10. O-O Nbd7 11. Re1 Re8 12. h3 Bxf3 13. Bxf3 a6 14. Be3 b5 15. Bf2 b4 16. Na4 Rc8 17. Rc1 h5 18. g4 hxg4 19. hxg4 g5 20. f5 Ne5 21. Kg2 Rc7 22. Bg3 Rce7 23. Bxe5 Rxe5 24. Rc4 Nxd5 25. Rh1 Nf4+ 26. Kg3 d5 27. exd5 Qd6 28. Rxc5 Re1 29. Rxe1 Ne2+ 30. Kf2 Qg3+ 0-1

[Event "December 19 Early 2023"]
[Site "https://www.chess.com"]
[Date "2023.12.19"]
[Round "5"]
[White "Koellner, Ruben Gideon"]
[Black "Khamdamova, Afruza"]
[Result "1-0"]
[Board "74"]
[TimeControl "180+1"]
[WhiteFideId "12993093"]
[BlackFideId "14210444"]
[WhiteElo "2347"]
[BlackElo "2295"]
[WhiteTeam "GER"]
[BlackTeam "UZB"]
[WhiteClock "0:01:06"]
[BlackClock "0:00:04"]

1. d4 Nf6 2. Nf3 d5 3. e3 e6 4. Nbd2 c5 5. c3 Nc6 6. Bd3 Be7 7. O-O O-O 8. Ne5 Qc7 9. f4 b6 10. Qf3 Bb7 11. g4 Rad8 12. g5 Nxe5 13. fxe5 Ne4 14. Nxe4 dxe4 15. Bxe4 Bxe4 16. Qxe4 Bxg5 17. Kh1 Kh8 18. Rg1 Bh6 19. Rg2 f6 20. exf6 Rxf6 21. Bd2 cxd4 22. exd4 Bxd2 23. Rxd2 Rdf8 24. Rg1 Qf7 25. Rdg2 g6 26. Qe5 Kg8 27. Re2 Qb7+ 28. Qe4 Qa6 29. h4 Qa5 30. Rg5 Rf1+ 31. Kg2 Qxa2 32. h5 Qa1 33. Qxe6+ Kh8 34. Qe5+ Kg8 35. Qd5+ Kh8 36. hxg6 Rg1+ 37. Kh2 Rxg5 38. Qxg5 hxg6 39. Qh6+ Kg8 40. Qxg6+ Kh8 41. Qh6+ Kg8 42. Rg2+ Kf7 43. Rg7+ Ke8 44. Qe6+ 1-0

[Event "December 19 Early 2023"]
[Site "https://www.chess.com"]
[Date "2023.12.19"]
[Round "5"]
[White "JonaszBaum"]
[Black "Zimmermann, Ulrich"]
[Result "1-0"]
[Board "75"]
[TimeControl "180+1"]
[BlackFideId "24654523"]
[WhiteElo "2692"]
[BlackElo "2223"]
[BlackTeam "GER"]
[WhiteClock "0:00:09"]
[BlackClock "0:00:02"]

1. c4 Nf6 2. Nf3 e6 3. g3 d5 4. d4 a6 5. Nbd2 dxc4 6. Nxc4 b5 7. Nce5 Bb7 8. Bg2 c5 9. Nxf7 Kxf7 10. Ng5+ Ke7 11. Bxb7 Ra7 12. Bg2 Qxd4 13. Qc2 Nbd7 14. O-O h6 15. Be3 Qc4 16. Qxc4 bxc4 17. Nf3 Nd5 18. Bd2 Rb7 19. Rab1 g5 20. Rfc1 Bg7 21. e4 Nb4 22. Rxc4 Nxa2 23. e5 Rhb8 24. Nxg5 Rxb2 25. Rxb2 Rxb2 26. Nf3 Nxe5 27. Nxe5 Bxe5 28. Be3 Bd4 29. Bxd4 cxd4 30. Rxd4 Nb4 31. Rh4 a5 32. Rxh6 a4 33. Rh7+ Kd6 34. Ra7 Ra2 35. h4 a3 36. h5 Ra1+ 37. Kh2 a2 38. h6 Rc1 39. h7 Rc8 40. g4 Ke5 41. Kg3 Rh8 42. f4+ Kd4 43. Ra4 Kc3 44. Be4 Kb3 45. Ra7 Kb2 46. g5 a1=Q 47. Rxa1 Kxa1 48. g6 Rc8 49. g7 Rc3+ 50. Kg4 Rc7 51. h8=Q e5 52. g8=Q Nc6 53. Bxc6 1-0

[Event "December 19 Early 2023"]
[Site "https://www.chess.com"]
[Date "2023.12.19"]
[Round "5"]
[White "Agibileg, Uurtsaikh"]
[Black "Dinu, Dumitru-Daniel"]
[Result "1-0"]
[Board "76"]
[TimeControl "180+1"]
[WhiteFideId "4901606"]
[BlackFideId "1208403"]
[WhiteElo "2288"]
[BlackElo "2240"]
[WhiteTeam "MGL"]
[BlackTeam "ROU"]
[WhiteClock "0:01:05"]
[BlackClock "0:00:06"]

1. d4 Nf6 2. c4 e6 3. Nc3 Bb4 4. f3 d5 5. a3 Bxc3+ 6. bxc3 c5 7. cxd5 Nxd5 8. dxc5 f5 9. Nh3 Qa5 10. e4 fxe4 11. fxe4 Nf6 12. Be2 O-O 13. O-O Qxc3 14. Bf4 Qxc5+ 15. Kh1 e5 16. Rc1 Qe7 17. Be3 b6 18. Rxf6 Qxf6 19. Qd5+ Be6 20. Qxa8 Qe7 21. Ng5 Qxa3 22. Nxe6 Qxe3 23. Rg1 Re8 24. Nc7 Rf8 25. Qd5+ Kh8 26. Ne6 Rg8 27. Nd8 h6 28. Bh5 Qg5 29. Nf7+ Kh7 30. Nxg5+ hxg5 1-0

[Event "December 19 Early 2023"]
[Site "https://www.chess.com"]
[Date "2023.12.19"]
[Round "5"]
[White "Gontcharov, Vladislav"]
[Black "Buksa, Nataliya"]
[Result "1/2-1/2"]
[Board "77"]
[TimeControl "180+1"]
[WhiteFideId "4123492"]
[BlackFideId "14123622"]
[WhiteElo "2420"]
[BlackElo "2316"]
[WhiteTeam "RUS"]
[BlackTeam "UKR"]
[WhiteClock "0:00:13"]
[BlackClock "0:00:05"]

1. d4 d5 2. c4 e6 3. Nc3 Nf6 4. cxd5 exd5 5. Bg5 Bb4 6. e3 h6 7. Bh4 g5 8. Bg3 h5 9. Rc1 h4 10. Be5 Nbd7 11. Qa4 Bxc3+ 12. Rxc3 c6 13. Bd3 Nxe5 14. dxe5 Ng4 15. Nf3 Qe7 16. Qd4 Be6 17. b4 h3 18. g3 a6 19. a4 Nh6 20. O-O Nf5 21. Bxf5 Bxf5 22. Qc5 Qxc5 23. Rxc5 g4 24. Nd4 Bd3 25. Rd1 Bc4 26. a5 Ke7 27. e4 Rh5 28. Nf5+ Kf8 29. f4 gxf3 30. Kf2 Be2 31. Rd4 dxe4 32. g4 Rg5 33. Rxe4 Rd8 34. Nd6 Rd7 35. Rf4 Kg8 36. Kg3 Re7 37. Nf5 Rd7 38. Kxh3 f2 39. Rxf2 Bxg4+ 40. Kh4 Rg6 41. Nh6+ Rxh6+ 42. Kxg4 Rd4+ 43. Rf4 Rxf4+ 44. Kxf4 Rh4+ 45. Kf5 Rxb4 46. Rc2 Rb5 47. Rd2 Rxa5 48. Kf6 Rd5 49. Rg2+ Kf8 50. Rg7 Rd2 51. Rxf7+ Ke8 52. Rxb7 Rxh2 53. Ke6 Rh6+ 54. Kf5 c5 55. Ke4 a5 56. Kd5 a4 57. e6 Rh1 58. Rb8+ Ke7 59. Rb7+ Ke8 60. Kxc5 Rc1+ 61. Kd6 Rd1+ 62. Ke5 Re1+ 63. Kf6 Rf1+ 64. Ke5 Re1+ 65. Kd5 a3 66. Ra7 Rd1+ 67. Ke5 Re1+ 68. Kf6 Rf1+ 69. Ke5 Re1+ 70. Kf6 Rf1+ 71. Ke5 Re1+ 1/2-1/2

[Event "December 19 Early 2023"]
[Site "https://www.chess.com"]
[Date "2023.12.19"]
[Round "5"]
[White "Kurmangaliyeva, Liya"]
[Black "Ovetchkin, Roman"]
[Result "0-1"]
[Board "78"]
[TimeControl "180+1"]
[WhiteFideId "13725831"]
[BlackFideId "4119991"]
[WhiteElo "2077"]
[BlackElo "2381"]
[WhiteTeam "KAZ"]
[BlackTeam "RUS"]
[WhiteClock "0:00:11"]
[BlackClock "0:00:14"]

1. d4 Nf6 2. Nf3 g6 3. Nbd2 Bg7 4. e4 d6 5. Bd3 O-O 6. O-O c5 7. c3 cxd4 8. cxd4 Nc6 9. h3 Nh5 10. Nb3 e5 11. Bg5 Qb6 12. d5 Nb4 13. Be2 Nf4 14. Bxf4 exf4 15. Qd2 a5 16. Nbd4 Na6 17. Nb5 Bd7 18. a4 Nc5 19. Qxf4 Nxa4 20. Qxd6 Qxd6 21. Nxd6 Bxb2 22. Rab1 Ba3 23. Nc4 Bb4 24. Bd3 b5 25. Nce5 Be8 26. Nd4 Nc3 27. Rbc1 Rc8 28. Nec6 Bxc6 29. Nxc6 Rxc6 30. dxc6 Rc8 31. Rc2 Rxc6 32. Bxb5 Rc5 33. Bd3 a4 34. Ra1 a3 35. Kf1 g5 36. f3 h5 37. Kf2 h4 38. Ke3 Kg7 39. f4 gxf4+ 40. Kxf4 Kf6 41. Kg4 Rg5+ 42. Kf3 Rg3+ 43. Kf4 Bd6+ 44. e5+ Bxe5# 0-1

[Event "December 19 Early 2023"]
[Site "https://www.chess.com"]
[Date "2023.12.19"]
[Round "5"]
[White "Puzzlebot_1294"]
[Black "Porozhnyak, Maya"]
[Result "1-0"]
[Board "79"]
[TimeControl "180+1"]
[BlackFideId "34115843"]
[WhiteElo "2654"]
[BlackElo "1932"]
[BlackTeam "RUS"]
[WhiteClock "0:01:06"]
[BlackClock "0:00:09"]

1. d4 c5 2. d5 g6 3. Nc3 Bg7 4. e4 a6 5. a4 b6 6. Nf3 d6 7. Be2 Nf6 8. O-O O-O 9. h3 Nbd7 10. Be3 Ne8 11. Nd2 Nc7 12. f4 Rb8 13. Nc4 Bb7 14. Qd2 b5 15. axb5 axb5 16. Na5 b4 17. Nxb7 Rxb7 18. Nd1 Nb5 19. Bxb5 Rxb5 20. c3 Qb8 21. c4 Rb7 22. Nf2 Nb6 23. Rac1 Ra7 24. e5 Ra2 25. Nd3 Qa7 26. f5 gxf5 27. Rxf5 Qd7 28. Rh5 Rfa8 29. Bh6 Ra1 30. Qg5 Rxc1+ 31. Nxc1 Kf8 32. Qxg7+ Ke8 33. Qg8# 1-0

[Event "December 19 Early 2023"]
[Site "https://www.chess.com"]
[Date "2023.12.19"]
[Round "5"]
[White "Lopusiewicz, Piotr"]
[Black "Xhembulla, Aleksander"]
[Result "1-0"]
[Board "80"]
[TimeControl "180+1"]
[WhiteFideId "1116029"]
[BlackFideId "4705114"]
[WhiteElo "2286"]
[BlackElo "2220"]
[WhiteTeam "POL"]
[BlackTeam "ALB"]
[WhiteClock "0:00:18"]
[BlackClock "0:00:06"]

1. d4 Nf6 2. c4 e6 3. Nf3 b6 4. g3 Ba6 5. Qc2 Bb7 6. Nc3 c5 7. d5 exd5 8. cxd5 Be7 9. e4 d6 10. Bg2 O-O 11. O-O Re8 12. Re1 Na6 13. b3 Nb4 14. Qd2 Bf8 15. a3 Na6 16. Bb2 Nc7 17. a4 a6 18. Rad1 b5 19. Qc2 b4 20. Nb1 a5 21. Nbd2 Ba6 22. Bf1 Bxf1 23. Kxf1 Nd7 24. Nc4 f6 25. Kg2 Qe7 26. Nh4 g6 27. f4 Qf7 28. Nf3 Bg7 29. Nxd6 Qf8 30. Nxe8 Rxe8 31. e5 Nb6 32. d6 Ne6 33. Qd3 f5 34. Qb5 Rb8 35. Qxa5 Nd7 36. Qa6 h6 37. Qc4 Qf7 38. h4 Kf8 39. a5 Ra8 40. Ra1 Ra7 41. Red1 Qe8 42. Bc1 Kf7 43. Be3 Qa8 44. Kf2 Rxa5 45. Rxa5 Qxa5 46. Qc2 Qa8 47. h5 Qe4 48. hxg6+ Kxg6 49. Nh4+ Kh5 50. Qe2+ 1-0

[Event "December 19 Early 2023"]
[Site "https://www.chess.com"]
[Date "2023.12.19"]
[Round "5"]
[White "Graca, Robert"]
[Black "Miszler, Levente"]
[Result "0-1"]
[Board "81"]
[TimeControl "180+1"]
[WhiteFideId "644943"]
[BlackFideId "763276"]
[WhiteElo "2204"]
[BlackElo "2186"]
[WhiteTeam "FRA"]
[BlackTeam "HUN"]
[WhiteClock "0:00:00"]
[BlackClock "0:00:49"]

1. Nf3 c5 2. c4 Nc6 3. d4 cxd4 4. Nxd4 Nf6 5. Nc3 g6 6. g3 Bg7 7. Nc2 O-O 8. Bg2 d6 9. O-O a6 10. b3 Bd7 11. Bb2 Rb8 12. Qd2 b5 13. cxb5 axb5 14. Rfd1 b4 15. Nd5 Nxd5 16. Bxg7 Kxg7 17. Bxd5 Qb6 18. Ne3 Rfc8 19. Bg2 Ne5 20. Nd5 Qd8 21. Nxb4 Qa5 22. Nd3 Qxd2 23. Rxd2 Nxd3 24. Rxd3 Rc2 25. Re3 e5 26. a4 f5 27. Rd3 Rxe2 28. Rxd6 Be8 29. Bd5 Rd2 30. a5 Bf7 31. Bxf7 Rxd6 32. Bc4 Rd7 33. a6 Ra7 34. Kg2 Kf6 35. h4 Ke7 36. Ra5 e4 37. Re5+ Kd6 38. Re6+ Kc5 39. Rf6 Rb6 40. Rf8 Kb4 41. h5 Rc6 42. h6 Kc3 43. Rg8 Rcc7 44. Rb8 g5 45. Rf8 f4 46. gxf4 gxf4 47. Rxf4 Rc6 48. Rxe4 Rxh6 49. f4 Rg7+ 50. Kf3 Rh3+ 51. Kf2 Rh2+ 52. Kf3 Rh3+ 53. Kf2 Rh2+ 54. Ke1 Rg1+ 55. Bf1 Rhh1 56. a7 Rxf1+ 57. Ke2 Re1+ 58. Kf3 Rhf1+ 59. Kg4 Rg1+ 60. Kf5 Ra1 61. Re7 Kxb3 62. Rxh7 Kc4 63. Kf6 Kd5 64. f5 Ke4 65. Rh4+ Kd5 66. Rh7 Ra6+ 67. Kf7 Rxa7+ 68. Ke8 Rxh7 0-1

[Event "December 19 Early 2023"]
[Site "https://www.chess.com"]
[Date "2023.12.19"]
[Round "5"]
[White "Shohat, Yotam"]
[Black "Kononenko, Dmitry"]
[Result "0-1"]
[Board "82"]
[TimeControl "180+1"]
[WhiteFideId "2813955"]
[BlackFideId "14113538"]
[WhiteElo "2226"]
[BlackElo "2168"]
[WhiteTeam "ISR"]
[BlackTeam "UKR"]
[WhiteClock "0:00:02"]
[BlackClock "0:00:47"]

1. e4 d5 2. exd5 Qxd5 3. Nc3 Qa5 4. d4 Nf6 5. Nf3 Bg4 6. h3 Bh5 7. g4 Bg6 8. Ne5 e6 9. Nc4 Qa6 10. Bf4 Qc6 11. Rg1 Bb4 12. a3 Bxc3+ 13. bxc3 Nbd7 14. Rb1 O-O 15. Qe2 b5 16. Nd2 Qxc3 17. Bg2 Nd5 18. Bg3 Qxc2 19. Be4 Bxe4 20. Qxe4 Qxe4+ 21. Nxe4 c6 22. Rc1 N7b6 23. Rxc6 Nc4 24. Ke2 Nxa3 25. Ra1 Nc4 26. Rca6 b4 27. Nc5 Nc3+ 28. Kd3 Nb6 29. Rxa7 Rxa7 30. Rxa7 Nbd5 31. Kc4 h6 32. Kb3 Rc8 33. Rb7 Ne2 34. Be5 f6 35. Bd6 Nxd4+ 36. Kc4 Nc6 37. Nxe6 Na5+ 38. Kxd5 Nxb7 39. Bxb4 Rc2 40. f4 Rh2 41. Kc6 Rxh3 42. Kxb7 Rb3 43. Kc6 Rxb4 44. Kd5 Ra4 45. Nc5 Rxf4 0-1

[Event "December 19 Early 2023"]
[Site "https://www.chess.com"]
[Date "2023.12.19"]
[Round "5"]
[White "Ezat, Mohamed"]
[Black "Taboas Rodriguez, Daniel"]
[Result "0-1"]
[Board "83"]
[TimeControl "180+1"]
[WhiteFideId "10600906"]
[BlackFideId "2208466"]
[WhiteElo "2367"]
[BlackElo "2365"]
[WhiteTeam "EGY"]
[BlackTeam "ESP"]
[WhiteClock "0:00:08"]
[BlackClock "0:00:12"]

1. d4 Nf6 2. c4 g6 3. Nc3 Bg7 4. e4 d6 5. Be2 O-O 6. Bg5 Nc6 7. d5 Ne5 8. Nf3 Nxf3+ 9. Bxf3 e6 10. O-O exd5 11. cxd5 Re8 12. Rc1 Bd7 13. a4 c5 14. dxc6 Bxc6 15. Re1 Qa5 16. Bf4 Rad8 17. h3 Qb4 18. Qc2 d5 19. exd5 Rxe1+ 20. Rxe1 Nxd5 21. Bxd5 Bxd5 22. Bg5 Rc8 23. Qe2 Be6 24. Ne4 Qxb2 25. Qf3 Bd5 26. Qf4 Bxe4 27. Qxe4 h6 28. Be3 b6 29. Qb7 Qc3 30. Rc1 Qxc1+ 31. Bxc1 Rxc1+ 32. Kh2 Rc2 33. Kg1 Bd4 34. Qa8+ Kg7 35. Qxa7 Bxf2+ 36. Kf1 Bc5 37. g4 Ra2 38. Ke1 Kf6 39. Kd1 Ke6 40. Qa6 Ra3 41. Kc1 f5 42. Qc8+ Kf6 43. Qc6+ Ke5 44. Qe8+ Kf4 45. Qxg6 Ke5 46. Qxf5+ Kd4 47. Qf4+ Kc3 48. Qxh6 Ra1# 0-1

[Event "December 19 Early 2023"]
[Site "https://www.chess.com"]
[Date "2023.12.19"]
[Round "5"]
[White "Vigoa Apecheche, Yanira"]
[Black "Shimanov, Aleksandr"]
[Result "0-1"]
[Board "84"]
[TimeControl "180+1"]
[WhiteFideId "3507041"]
[BlackFideId "4198603"]
[WhiteElo "2276"]
[BlackElo "2611"]
[WhiteTeam "USA"]
[BlackTeam "RUS"]
[WhiteClock "0:00:00"]
[BlackClock "0:01:14"]

1. d4 d5 2. Nf3 Bf5 3. Bf4 e6 4. e3 Nc6 5. c3 Bd6 6. Bg3 h5 7. Bd3 Nge7 8. Qc2 Qd7 9. Nbd2 O-O-O 10. O-O-O f6 11. e4 dxe4 12. Nxe4 Bxe4 13. Bxe4 g5 14. Bxd6 Qxd6 15. Nd2 Nd5 16. Kb1 h4 17. h3 Kb8 18. Rhe1 Rhg8 19. a3 f5 20. Nc4 Qf4 21. Bxd5 exd5 22. Ne5 Nxe5 23. Rxe5 Rgf8 24. Rde1 g4 25. Qd3 a6 26. R1e2 Qh2 27. Rxf5 Qxg2 28. Rxf8 Rxf8 29. hxg4 h3 30. f4 h2 31. Rxg2 h1=Q+ 32. Ka2 Qxg2 0-1

[Event "December 19 Early 2023"]
[Site "https://www.chess.com"]
[Date "2023.12.19"]
[Round "5"]
[White "Rose, Felix"]
[Black "Movahed, Sina"]
[Result "0-1"]
[Board "85"]
[TimeControl "180+1"]
[WhiteFideId "5105722"]
[BlackFideId "42520835"]
[WhiteElo "2039"]
[BlackElo "2341"]
[WhiteTeam "MEX"]
[BlackTeam "IRI"]
[WhiteClock "0:00:01"]
[BlackClock "0:01:03"]

1. e4 c5 2. Nf3 d6 3. d4 cxd4 4. Nxd4 Nf6 5. Nc3 a6 6. f3 g6 7. Be3 h5 8. Bc4 Nbd7 9. Qd2 b5 10. Bb3 Bb7 11. O-O-O Bg7 12. h4 Rc8 13. Kb1 Ne5 14. Bg5 O-O 15. g4 Nc4 16. Bxc4 Rxc4 17. Qe3 Qc7 18. gxh5 Nxh5 19. Bh6 Bxd4 20. Rxd4 Rc8 21. Rxc4 Qxc4 22. a3 f6 23. Rg1 Kf7 24. f4 Qc5 25. Qxc5 Rxc5 26. Re1 Rc8 27. f5 gxf5 28. exf5 Ng3 29. Bd2 Nxf5 30. h5 Rh8 31. Rh1 Bxh1 0-1

[Event "December 19 Early 2023"]
[Site "https://www.chess.com"]
[Date "2023.12.19"]
[Round "5"]
[White "Herman, Matthew"]
[Black "Tari, Aryan"]
[Result "0-1"]
[Board "86"]
[TimeControl "180+1"]
[WhiteFideId "2028964"]
[BlackFideId "1510045"]
[WhiteElo "2368"]
[BlackElo "2577"]
[WhiteTeam "USA"]
[BlackTeam "NOR"]
[WhiteClock "0:00:02"]
[BlackClock "0:00:42"]

1. e4 e5 2. Nf3 Nc6 3. Bb5 Nge7 4. c3 d5 5. d4 exd4 6. Qxd4 dxe4 7. Qxd8+ Kxd8 8. Ng5 Ke8 9. Nxe4 Bf5 10. Nc5 a6 11. Ba4 b6 12. Bxc6+ Nxc6 13. Nb3 Bd3 14. Bf4 Kd7 15. Kd2 Bc4 16. Kc2 Re8 17. N1d2 Be6 18. Rae1 Be7 19. f3 h5 20. h4 Bf5+ 21. Ne4 Kc8 22. Kc1 Bd8 23. Nbd2 Ne5 24. Bxe5 Rxe5 25. g3 Rhe8 26. Kd1 Bh7 27. b3 b5 28. Kc2 f5 0-1

[Event "December 19 Early 2023"]
[Site "https://www.chess.com"]
[Date "2023.12.19"]
[Round "5"]
[White "Harutjunyan, Gevorg"]
[Black "Senft, Sean"]
[Result "1-0"]
[Board "87"]
[TimeControl "180+1"]
[WhiteFideId "13300873"]
[BlackFideId "2044960"]
[WhiteElo "2436"]
[BlackElo "2005"]
[WhiteTeam "ARM"]
[BlackTeam "USA"]
[WhiteClock "0:00:24"]
[BlackClock "0:00:00"]

1. e4 c5 2. Nf3 d6 3. d4 cxd4 4. Nxd4 Nf6 5. Nc3 a6 6. Qf3 e6 7. g4 Nc6 8. Nxc6 bxc6 9. g5 Nd7 10. h4 Bb7 11. h5 Qc7 12. b3 Ne5 13. Qg3 d5 14. f4 Nd7 15. Bb2 Bd6 16. e5 Bb4 17. O-O-O O-O-O 18. Bg2 Kb8 19. Na4 c5 20. f5 Bc6 21. h6 gxh6 22. Rxh6 Bxa4 23. bxa4 c4 24. c3 Bf8 25. fxe6 Bxh6 26. exd7 Bg7 27. Rxd5 Rxd7 28. Qf3 Rxd5 29. Qxd5 Kc8 30. Ba3 Bxe5 31. Qa8+ Qb8 32. Qxa6+ Kd8 33. Qxc4 Bf4+ 34. Kc2 Re8 35. Qd4+ Kc8 36. Bh3+ Kb7 37. Qd5+ Ka7 38. Bc5+ Ka6 39. Bf1+ Ka5 40. Ba7+ 1-0

[Event "December 19 Early 2023"]
[Site "https://www.chess.com"]
[Date "2023.12.19"]
[Round "5"]
[White "Tabuenca Mendataurigoitia, Daniel"]
[Black "Ashraf, Artin"]
[Result "0-1"]
[Board "88"]
[TimeControl "180+1"]
[WhiteFideId "24563617"]
[BlackFideId "22514805"]
[WhiteElo "2130"]
[BlackElo "2268"]
[WhiteTeam "ESP"]
[BlackTeam "IRI"]
[WhiteClock "0:00:04"]
[BlackClock "0:00:58"]

1. Nf3 Nf6 2. g3 e6 3. Bg2 d5 4. O-O Be7 5. d3 O-O 6. c4 d4 7. e3 Nc6 8. exd4 Nxd4 9. Nxd4 Qxd4 10. Nc3 Rd8 11. Nb5 Qd7 12. Bf4 Ne8 13. Qb3 c6 14. Nc3 b6 15. Rad1 Bb7 16. d4 Nf6 17. Qc2 Rac8 18. b3 b5 19. Ne4 Qe8 20. Be5 Ba6 21. Rfe1 bxc4 22. bxc4 c5 23. Bxf6 Bxf6 24. Nxf6+ gxf6 25. d5 e5 26. Bh3 Rb8 27. Bf5 h6 28. Re4 Bc8 29. Rg4+ Kh8 30. Bxc8 Rbxc8 31. Qf5 Rd6 32. Rh4 Kg7 33. Qg4+ Kh7 34. Qf5+ Kg7 35. Rb1 Qd7 36. Rg4+ Kh8 37. Qh5 f5 38. Rh4 Rg6 39. Qe2 Re8 40. Rh5 Kg7 41. Qb2 Rg5 42. Rh4 Qd6 43. f4 Rg4 44. Rxg4+ fxg4 45. Re1 f6 46. fxe5 Rxe5 47. Rxe5 fxe5 48. Qe2 Qg6 49. Qxe5+ Kf7 50. Qf4+ Ke8 51. Kg2 Qc2+ 52. Kg1 Qb1+ 53. Kf2 Qxa2+ 54. Ke3 Qb3+ 55. Kd2 Qb2+ 56. Kd3 Qb1+ 57. Kc3 Qe1+ 58. Kc2 Qe2+ 59. Kc3 Qf3+ 60. Qxf3 gxf3 61. Kd3 a5 62. Ke3 a4 63. Kxf3 a3 64. Ke3 a2 0-1